 Dungeon Crawl Stone Soup version 0.30-a0-1074-g5db6f66fbb (webtiles) character file.

Game seed: 16652594444834768134

1539 retardedninja the Conjurer (level 8, 0/60 HPs)
             Began as a Gnoll Conjurer on Apr 13, 2023.
             Was an Initiate of Sif Muna.
             Killed from afar by a steam dragon (16 damage)
             ... with a ball of steam
             ... on level 6 of the Dungeon.
             The game lasted 00:11:10 (6415 turns).

retardedninja the Conjurer (Gnoll Conjurer)         Turns: 6415, Time: 00:11:10

Health: 0/60       AC:  6    Str:  6    XL:     8   Next: 86%
Magic:  15/17      EV: 13    Int: 21    God:    Sif Muna [......]
Gold:   258        SH:  0    Dex: 10    Spells: 16/19 levels left

rFire   . . .      SeeInvis .    p - +0 quarterstaff
rCold   . . .      Faith    .    (shield currently unavailable)
rNeg    . . .      Spirit   .    a - +1 robe
rPois   .          Reflect  .    (no helmet)
rElec   .          Rampage  .    e - +0 cloak
rCorr   .                        q - +0 pair of gloves
Will    .....                    f - +0 pair of boots
Stlth   +++                      (no amulet)
HPRegen 0.30/turn                (no ring)
MPRegen 0.15/turn                (no ring)

@: no status effects
A: fangs 1, strong nose, distributed training
a: Renounce Religion


You were on level 6 of the Dungeon.
You worshipped Sif Muna.
Sif Muna was noncommittal.
You visited 2 branches of the dungeon, and saw 7 of its levels.

You collected 258 gold pieces.

Inventory:

Hand Weapons
 p - a +0 quarterstaff (weapon)
Missiles
 h - 2 throwing nets
Armour
 a - a +1 robe (worn)
 e - a +0 cloak (worn)
 f - a +0 pair of boots (worn)
 q - a +0 pair of gloves (worn)
Wands
 s - a wand of flame (24)
Scrolls
 g - 2 scrolls of teleportation
 i - a scroll of butterflies
 n - a scroll of immolation
 r - a scroll of blinking {unknown}
 t - 3 scrolls of identify
 v - a scroll of noise {unknown}
Potions
 c - a potion of brilliance {unknown}
 d - a potion of flight
 j - 2 potions of curing
 k - a potion of ambrosia
 l - a potion of mutation
 m - a potion of haste
 o - a potion of might {unknown}
 u - a potion of degeneration {unknown}
 w - 2 potions of resistance {unknown}


   Skills:
 + Level 3.8 Fighting
 + Level 3.8 Short Blades
 + Level 3.8 Long Blades
 + Level 3.8 Axes
 + Level 3.8 Maces & Flails
 + Level 3.8 Polearms
 + Level 3.8 Staves
 + Level 3.8 Ranged Weapons
 + Level 3.8 Throwing
 + Level 3.8 Armour
 + Level 6.0 Dodging
 + Level 5.7 Stealth
 + Level 3.8 Shields
 + Level 3.8 Unarmed Combat
 + Level 6.3 Spellcasting
 + Level 7.8 Conjurations
 + Level 3.1 Hexes
 + Level 3.1 Summonings
 + Level 3.1 Necromancy
 + Level 3.1 Translocations
 + Level 3.1 Transmutations
 + Level 3.1 Fire Magic
 + Level 3.1 Ice Magic
 + Level 3.1 Air Magic
 + Level 3.1 Earth Magic
 + Level 3.1 Poison Magic
 + Level 4.1 Invocations
 + Level 3.8 Evocations


You had 16 spell levels left.
You knew the following spells:

 Your Spells              Type           Power      Damage    Failure   Level
a - Magic Dart            Conj           100%       1d8       1%          1
b - Searing Ray           Conj           78%        2d7       1%          2

Your spell library contained the following spells:

 Spells                   Type           Power      Damage    Failure   Level
 Sandblast                Erth           38%        2d10      2%          1
 Dazzling Flash           Conj/Hex       58%        N/A       3%          3
 Stone Arrow              Conj/Erth      58%        3d10      3%          3
 Call Imp                 Summ           38%        N/A       4%          2
 Lesser Beckoning         Tloc           38%        N/A       4%          2
 Passwall                 Tmut/Erth      15%        N/A       4%          2
 Mephitic Cloud           Conj/Pois/Air  26%        N/A       4%          3
 Gell's Gravitas          Tloc           19%        N/A       8%          3
 Inner Flame              Hex/Fire       19%        N/A       8%          3
 Teleport Other           Tloc           19%        N/A       8%          3
 Fulminant Prism          Conj/Hex       14%        3d8       10%         4
 Iskenderun's Mystic Bla  Conj/Tloc      29%        2d7       10%         4
 Leda's Liquefaction      Hex/Erth       9%         N/A       26%         4
 Borgnjor's Vile Clutch   Necr/Erth      9%         N/A       58%         5
 Lee's Rapid Deconstruct  Erth           9%         3d7*      58%         5
 Yara's Violent Unravell  Hex/Tmut       9%         3d6       58%         5
 Enfeeble                 Hex            9%         N/A       100%        7


Dungeon Overview and Level Annotations

Branches:
Dungeon (6/15)             Temple (1/1) D:4

Altars:
Ashenzari
Dithmenos
Fedhas
Gozag
Hepliaklqana
Makhleb
Okawaru
Sif Muna
Uskayaw
Yredelemnul
Zin

Annotations:
D:2 1 runed translucent door, Crazy Yiuf


Innate Abilities, Weirdness & Mutations

You have very sharp teeth.
Your uncanny sense of smell can sniff out nearby items.
Your experience applies equally to all skills.


Message History

You barely miss the steam dragon.
The steam dragon is severely wounded.
The steam dragon bites you. The steam dragon closely misses you.
You hit the steam dragon.
The steam dragon is severely wounded.
The steam dragon bites you. The steam dragon claws you.
You closely miss the steam dragon.
The steam dragon is severely wounded.
The steam dragon closely misses you.
The steam dragon claws you but does no damage.
You closely miss the steam dragon.
The steam dragon is severely wounded.
The steam dragon breathes steam at you. The ball of steam hits you!
The steam dragon bites you. The steam dragon closely misses you.
You hit the steam dragon but do no damage.
You bite the steam dragon.
The steam dragon is severely wounded.
You are engulfed in a cloud of scalding steam.
The steam dragon bites you but does no damage.
The steam dragon claws you. Magic courses through your body.
You are engulfed in a cloud of scalding steam.
The steam dragon closely misses you. The steam dragon barely misses you.
Unknown command.
Casting: Searing Ray (safe; 1% risk of failure)
Confirm with . or Enter, or press ? or * to list all spells.
Aiming: Searing Ray (safe; 1% risk of failure)
Press: ? - help, Shift-Dir - straight line, f/p - steam dragon
Aim: a steam dragon (severely wounded, catching its breath, 81% to hit)
The searing ray hits the steam dragon.
The steam dragon is almost dead. (Press . to maintain the ray.)
You are engulfed in a cloud of scalding steam.
The steam dragon bites you. The steam dragon claws you.
* * * LOW HITPOINT WARNING * * *
Unknown command.
The steam dragon breathes steam at you. The ball of steam hits you!
You die...

#...###.≈..≈##.#.#####
###.......≈≈.≈......##..
...........≈≈.##.#.#.#..
...........#~##.........
.............###..##.#..
#....###.### ##.# ##..
###..).^.†.# ### .. ###
#.......#### #.. .##
#.#....@# #.# ## ##
#...D§# #.########.
#........#####.#........
#.#.....##.......#######
........##.###.###
.............#.#
....#...##.#.#.#
.##.#...##.....# .
....####.###


You could see a steam dragon (catching breath).

Vanquished Creatures
  Grinder (D:4)
  A water moccasin (D:6)
  2 black bears (D:6)
  An ogre (D:5)
  An ice beast (D:6)
  A phantom (D:5)
  A gnoll sergeant (D:5)
  2 scorpions (D:4)
  A howler monkey (D:5)
  3 hounds
  Ijyb (D:4)
  Natasha (thrice) (D:2)
  5 iguanas
  5 gnolls
  11 adders
  2 shadow imps
  A white imp (D:5)
  A worm (D:3)
  5 dart slugs
  9 orcs
  5 ball pythons
  12 endoplasms
  A giant cockroach (D:4)
  2 goblins
  8 hobgoblins
  3 jackals (D:3)
  3 kobolds (D:1)
  3 quokkas
  3 bats
  6 frilled lizards
  6 rats
109 creatures vanquished.

Notes
Turn   | Place    | Note
-------+----------+-------------------------------------------
     0 | D:1      | retardedninja the Gnoll Conjurer began the quest for the
                  | Orb.
     0 | D:1      | Reached XP level 1. HP: 13/13 MP: 6/6
   185 | D:1      | Reached XP level 2. HP: 18/19 MP: 1/7
   551 | D:1      | You fall into a shaft and drop 1 floor!
   776 | D:2      | Reached skill level 5 in Spellcasting
   776 | D:2      | Reached XP level 3. HP: 25/25 MP: 2/9
   880 | D:1      | Reached skill level 1 in Invocations
   973 | D:1      | Found a faded altar of an unknown god.
  1123 | D:1      | Learned a level 2 spell: Searing Ray
  1145 | D:2      | Noticed Natasha
  1149 | D:2      | Killed Natasha
  1150 | D:2      | Reached skill level 1 in Fighting
  1150 | D:2      | Reached skill level 1 in Short Blades
  1150 | D:2      | Reached skill level 1 in Long Blades
  1150 | D:2      | Reached skill level 1 in Axes
  1150 | D:2      | Reached skill level 1 in Maces & Flails
  1150 | D:2      | Reached skill level 1 in Polearms
  1150 | D:2      | Reached skill level 1 in Staves
  1150 | D:2      | Reached skill level 1 in Ranged Weapons
  1150 | D:2      | Reached skill level 1 in Throwing
  1150 | D:2      | Reached skill level 1 in Armour
  1150 | D:2      | Reached skill level 1 in Shields
  1150 | D:2      | Reached skill level 1 in Unarmed Combat
  1150 | D:2      | Reached skill level 1 in Evocations
  1150 | D:2      | Reached XP level 4. HP: 32/32 MP: 3/11
  1375 | D:2      | Noticed Natasha
  1379 | D:2      | Killed Natasha
  1380 | D:2      | Reached skill level 1 in Hexes
  1380 | D:2      | Reached skill level 1 in Summonings
  1380 | D:2      | Reached skill level 1 in Necromancy
  1380 | D:2      | Reached skill level 1 in Translocations
  1380 | D:2      | Reached skill level 1 in Transmutations
  1380 | D:2      | Reached skill level 1 in Fire Magic
  1380 | D:2      | Reached skill level 1 in Ice Magic
  1380 | D:2      | Reached skill level 1 in Air Magic
  1380 | D:2      | Reached skill level 1 in Earth Magic
  1380 | D:2      | Reached skill level 1 in Poison Magic
  1700 | D:2      | Reached XP level 5. HP: 37/37 MP: 7/12
  1887 | D:2      | Noticed Natasha
  1892 | D:2      | Killed Natasha
  1977 | D:2      | Found a runed translucent door.
  1978 | D:2      | Noticed Crazy Yiuf
  2668 | D:3      | Reached XP level 6. HP: 41/44 MP: 5/13
  2918 | D:3      | Identified the +0 ring mail "Noliczule" {rF+ Will+ Dex+4}
  3213 | D:4      | Found a blossoming altar of Fedhas.
  3256 | D:4      | Noticed Grinder
  3267 | D:4      | Killed Grinder
  3268 | D:4      | Reached skill level 5 in Dodging
  3268 | D:4      | Reached XP level 7. HP: 43/50 MP: 0/15
  3477 | D:4      | Found a staircase to the Ecumenical Temple.
  3483 | Temple   | Entered the Ecumenical Temple
  3637 | Temple   | Became a worshipper of Sif Muna the Loreminder
  3934 | D:4      | Noticed Ijyb
  3945 | D:4      | Killed Ijyb
  3946 | D:4      | Reached skill level 5 in Stealth
  4047 | D:4      | Got the Vellum of Orogeny
  4338 | D:5      | Entered Level 5 of the Dungeon
  4635 | D:5      | Reached XP level 8. HP: 51/58 MP: 2/16
  5409 | D:5      | Found a shadowy altar of Dithmenos.
  6415 | D:6      | Killed from afar by a steam dragon

Illustrated notes

Levels and vault maps discovered:
D:1:      tekkud_arrival_beachfront_property, layout_basic,
          chequers_ecumenical_altar_simple
D:2:      layout_basic, serial_curves, eino_curves_04, eino_curves_01,
          eino_curves_03, eino_curves_03, uniq_crazy_yiuf_cottage, uniq_natasha
D:3:      layout_loops_ring
D:4:      layout_rooms, fedhas_altar_3, temple_green, uniq_grinder, uniq_ijyb
D:5:      layout_cave_pools, nicolae_overflow_crystal_walls
D:6:      layout_loops_cross, xom_redecorated, chequers_serial_rivers_small_b
Temple:   compressed_dpeg_triangle_lava_temple

Skill      XL: |  1  2  3  4  5  6  7  8 |
---------------+-------------------------+-----
Spellcasting   | 5 6 |  6.3
Invocations    | 1 2 3 4 |  4.1
Fighting       | 1 2 3 |  3.8
Short Blades   | 1 2 3 |  3.8
Long Blades    | 1 2 3 |  3.8
Axes           | 1 2 3 |  3.8
Maces & Flails | 1 2 3 |  3.8
Polearms       | 1 2 3 |  3.8
Staves         | 1 2 3 |  3.8
Ranged Weapons | 1 2 3 |  3.8
Throwing       | 1 2 3 |  3.8
Armour         | 1 2 3 |  3.8
Shields        | 1 2 3 |  3.8
Unarmed Combat | 1 2 3 |  3.8
Evocations     | 1 2 3 |  3.8
Hexes          | 1 2 3 |  3.1
Summonings     | 1 2 3 |  3.1
Necromancy     | 1 2 3 |  3.1
Translocations | 1 2 3 |  3.1
Transmutations | 1 2 3 |  3.1
Fire Magic     | 1 2 3 |  3.1
Ice Magic      | 1 2 3 |  3.1
Air Magic      | 1 2 3 |  3.1
Earth Magic    | 1 2 3 |  3.1
Poison Magic   | 1 2 3 |  3.1
Dodging        | 5 6 |  6.0
Stealth        | 5 |  5.7
Conjurations   | |  7.8

Action                     |  1- 3 |  4- 6 |  7- 9 || total
---------------------------+-------+-------+-------++-------
  Melee: Mace              |       |    13 |       ||    13
         Bite              |       |     1 |     1 ||     2
         Quarterstaff      |       |       |     5 ||     5
   Cast: Magic Dart        |    40 |    81 |   166 ||   287
         Searing Ray       |     2 |    11 |    40 ||    53
    Use: Scroll            |       |     8 |     4 ||    12
         Potion            |       |       |     2 ||     2
   Stab: Sleeping          |       |     1 |       ||     1
 Armour: Robe              |     1 |     7 |    17 ||    25
  Dodge: Dodged            |     2 |    15 |    56 ||    73

Table legend: (Time is in decaauts)
 A = Elapsed time spent in this place.
 B = Non-inter-level travel time spent in this place.
 C = Inter-level travel time spent in this place.
 D = Time resting spent in this place.
 E = Time spent auto-exploring this place.
 F = Levels seen in this place.
 G = Mean time per level.
                   A        B        C        D        E       F      G
               +--------+--------+--------+--------+--------+-----+--------+
         Total |   6422 |   6240 |    182 |    549 |   4931 |   7 |  917.4 |
       Dungeon |   6258 |   6076 |    182 |    549 |   4814 |   6 | 1043.0 |
        Temple |    164 |    164 |      0 |      0 |    117 |   1 |  164.0 |
               +--------+--------+--------+--------+--------+-----+--------+

Top non-repeatable levels by time:
     D:5: 1336 daAuts
     D:4: 1281 daAuts
     D:3: 1181 daAuts
     D:2: 1130 daAuts
     D:1: 894 daAuts
     D:6: 433 daAuts
  Temple: 164 daAuts
